 Dungeon Crawl Stone Soup version 0.23.2-33-g5129a83184 (webtiles) character file.

Game seed: 2990163322640801386

246 FishyPogo the Covered (level 5, 0/50 HPs)
             Began as a Deep Dwarf Fighter on Aug 5, 2019.
             Slain by an iguana (6 damage)
             ... on level 4 of the Dungeon.
             The game lasted 00:17:01 (3133 turns).

FishyPogo the Covered (Deep Dwarf Fighter)          Turns: 3133, Time: 00:17:01

Health: 0/50       AC: 13    Str: 20    XL:     5   Next: 84%
Magic:  5/5        EV:  7    Int:  9    God:
Gold:   200        SH: 10    Dex: 12    Spells: 4/4 levels left

rFire    . . .     SeeInvis .   a - +0 long sword
rCold    . . .     Gourm    .   c - +0 shield
rNeg     . . .     Faith    .   b - +0 scale mail
rPois    .         Spirit   .   t - +0 helmet
rElec    .         Reflect  .   u - +0 cloak
rCorr    .         Harm     .   k - +1 pair of gloves
MR       .....                  g - +0 pair of boots
Stlth    ..........             (no amulet)
HPRegen  0.00/turn              (no ring)
MPRegen  0.09/turn              (no ring)

@: non-regenerating
A: damage resistance, heal wounds, sense surroundings 1, no regeneration
a: Heal Wounds


You were on level 4 of the Dungeon.
You were hungry.

You visited 1 branch of the dungeon, and saw 4 of its levels.

You collected 200 gold pieces.

Inventory:

Hand Weapons
 a - a +0 long sword (weapon)
Missiles
 e - 127 stones (quivered)
Armour
 b - a +0 scale mail (worn)
 c - a +0 shield (worn)
 g - a +0 pair of boots (worn)
 k - a +1 pair of gloves (worn)
 t - a +0 helmet (worn)
 u - a +0 cloak (worn)
Scrolls
 j - 5 scrolls of remove curse
 n - a scroll of amnesia {unknown}
 p - a scroll of enchant armour {unknown}
 q - 2 scrolls of identify
 s - 2 scrolls of blinking {unknown}
Potions
 d - a potion of might
 h - a potion of heal wounds {unknown}
 i - a potion of degeneration {unknown}
 l - 2 potions of berserk rage {unknown}
 m - a potion of lignification {unknown}
 o - a potion of brilliance
Comestibles
 f - 6 rations


   Skills:
 * Level 3.9 Fighting
 + Level 2.8 Long Blades
 * Level 4.8 Armour
 * Level 4.7 Shields


You had 4 spell levels left.
You didn't know any spells.
Your spell library was empty.

Dungeon Overview and Level Annotations

Branches:
Dungeon (4/15)
 Temple: D:4-7

Altars:


Innate Abilities, Weirdness & Mutations

You are resistant to damage.
You can heal yourself by infusing magical energy.
You passively map a small area around you.
You do not regenerate.


Message History

You hit the iguana.
The iguana is heavily wounded.
You block the iguana's attack.
You slash the iguana!
The iguana is almost dead.
The iguana bites you.
* * * LOW HITPOINT WARNING * * *
Your scale mail prevents you from hitting the iguana.
The iguana is almost dead.
You block the iguana's attack. The iguana barely misses you.
Your scale mail prevents you from hitting the iguana.
The iguana is almost dead.
The iguana bites you but does no damage.
Your shield prevents you from hitting the iguana.
The iguana is almost dead.
The iguana bites you.
You barely miss the iguana.
The iguana is almost dead.
You block the iguana's attack. The iguana bites you!
You die...

.....#..#
.....%...########
#.#.#.#.........#
..#.#..........#
, ,
#.#.#.........# ,
.. ..#..........#
....#.#.<.......#
....(...........#
*
......#@........#
, ,
......l?........#
, ,
.....(...........
*
....(....##.#####
* , .....#.#..
...
.....#......##. *
* .(..*## ..., ,
* , .... ..). ,


You could see an iguana.

Vanquished Creatures
  An orc priest (D:3)
  An orc wizard (D:3)
  A bullfrog skeleton (D:3)
  7 adders
  An ooze (D:2)
  An adder zombie (D:2)
  3 worms (D:2)
  A dart slug (D:1)
  2 leopard geckos (D:3)
  3 orcs (D:3)
  2 giant cockroaches (D:2)
  5 goblins
  9 hobgoblins
  2 jackals (D:1)
  4 ball pythons
  10 bats
  3 frilled lizards
  A jackal skeleton (D:4)
  13 kobolds
  7 rats
77 creatures vanquished.

Notes
Turn   | Place    | Note
-------+----------+-------------------------------------------
     0 | D:1      | FishyPogo the Deep Dwarf Fighter began the quest for the
                  | Orb.
     0 | D:1      | Reached XP level 1. HP: 20/20 MP: 1/1
   437 | D:1      | Reached XP level 2. HP: 25/27 MP: 2/2
  1170 | D:2      | Reached XP level 3. HP: 31/34 MP: 3/3
  1455 | D:2      | Reached XP level 4. HP: 37/42 MP: 4/4
  2345 | D:3      | Reached XP level 5. HP: 34/49 MP: 5/5
  3133 | D:4      | Slain by an iguana

Skill      XL: |  1  2  3 |
---------------+----------+-----
Fighting       | 3 |  3.9
Armour         | 4 |  4.8
Shields        | 4 |  4.7
Long Blades    | |  2.8

Action                   |  1- 3 |  4- 6 || total
-------------------------+-------+-------++-------
Melee: Long sword        |    97 |   182 ||   279
Throw: Stone             |    69 |    79 ||   148
 Abil: Heal Wounds       |       |     1 ||     1
Evoke: Wand              |       |     3 ||     3
  Use: Scroll            |       |     2 ||     2
  Eat: Chunk             |     2 |     5 ||     7
Armor: Scale mail        |    35 |    90 ||   125
       Ring mail         |     5 |       ||     5
Dodge: Dodged            |    20 |    63 ||    83
Block: Shield            |    40 |   104 ||   144
       Rpst.: Long sword |     4 |    21 ||    25
